 Dungeon Crawl Stone Soup version 0.22-a0-750-ga7dcef7 (webtiles) character file.

3861 Hebeh the Thaumaturge (level 9, 0/45 HPs)
             Began as a Deep Elf Fire Elementalist on July 15, 2018.
             Was a Believer of Vehumet.
             Slain by a howler monkey (8 damage)
             ... on level 8 of the Dungeon.
             The game lasted 00:44:25 (12103 turns).

Hebeh the Thaumaturge (Deep Elf Fire Elementalist) Turns: 12103, Time: 00:44:26

Health: 0/45       AC:  8    Str:  8    XL:     9   Next: 99%
Magic:  19/25      EV: 13    Int: 27    God:    Vehumet [**....]
Gold:   303        SH:  0    Dex: 15    Spells: 14/29 levels left

rFire    . . .     SeeInvis .   a - +3 spear
rCold    . . .     Gourm    .   (no shield)
rNeg     . . .     Faith    .   d - +0 robe
rPois    .         Spirit   .   H - +0 helmet
rElec    .         Reflect  .   l - +0 cloak
rCorr    .         Harm     .   C - +2 pair of gloves {Str+3}
MR       +....                  B - +0 pair of boots
Stlth    ++........             g - amulet of the acrobat
HPRegen  0.15/turn              t - ring of protection from magic
MPRegen  0.19/turn              K - +3 ring of intelligence

@: no status effects
A: no striking features
a: Renounce Religion


You were on level 8 of the Dungeon.
You worshipped Vehumet.
Vehumet was pleased with you.
You were not hungry.

You visited 1 branch of the dungeon, and saw 8 of its levels.

You collected 303 gold pieces.

Inventory:

Hand Weapons
 a - a +3 spear (weapon)
 b - a +0 hunting sling
Missiles
 m - 155 sling bullets
 o - 70 arrows
 z - 143 stones
 A - 4 tomahawks (quivered)
Armour
 d - a +0 robe (worn)
 l - a +0 cloak (worn)
 B - a +0 pair of boots (worn)
 C - a +2 pair of gloves of strength (worn)
 H - a +0 helmet (worn)
 O - a +3 buckler
Jewellery
 g - an amulet of the acrobat (around neck)
 t - a ring of protection from magic (left hand)
 y - an uncursed ring of protection from magic
 K - a +3 ring of intelligence (right hand)
Wands
 j - a wand of polymorph (11)
 G - a wand of paralysis (11)
Scrolls
 i - 3 scrolls of remove curse
 k - 3 scrolls of fog
 q - 6 scrolls of identify
 r - 2 scrolls of teleportation
 w - a scroll of enchant weapon
 F - a scroll of immolation
Potions
 e - a potion of mutation {unknown}
 f - a potion of berserk rage {unknown}
 h - 4 potions of curing
 p - a potion of degeneration {unknown}
 s - 2 potions of haste {unknown}
 u - 2 potions of lignification {unknown}
 x - 4 potions of might
 D - a potion of agility {unknown}
 I - a potion of flight {unknown}
 J - 2 potions of brilliance {unknown}
 L - a potion of heal wounds {unknown}
Comestibles
 c - 8 rations


   Skills:
 - Level 2.4 Dodging
 - Level 2.4 Stealth
 * Level 10.8 Spellcasting
 * Level 9.6 Conjurations
 * Level 9.4 Fire Magic


You had 14 spell levels left.
You knew the following spells:

 Your Spells              Type           Power        Failure   Level  Hunger
a - Flame Tongue          Conj/Fire      #####        1%          1    None
b - Magic Dart            Conj           ####         1%          1    None
c - Conjure Flame         Conj/Fire      ######..     1%          3    None
d - Fireball              Conj/Fire      ######....   2%          5    ###....
e - Inner Flame           Hex/Fire       #####...     1%          3    None
f - Throw Flame           Conj/Fire      ######       1%          2    None

Your spell library contained the following spells:

 Spells                   Type           Power        Failure   Level  Hunger
 Summon Small Mammal      Summ           ##..         4%          1    None
 Sticky Flame             Conj/Fire      ######..     1%          4    None
 Summon Ice Beast         Ice/Summ       ##......     36%         4    None
 Call Imp                 Summ           ##......     6%          2    None
 Spider Form              Tmut/Pois      ##........   12%         3    None
 Blade Hands              Tmut           ##........   73%         5    ###....
 Ice Form                 Ice/Tmut       ##......     36%         4    None
 Sticks to Snakes         Tmut           ##......     6%          2    None
 Call Canine Familiar     Summ           ##......     12%         3    None
 Beastly Appendage        Tmut           ##....       4%          1    None
 Summon Lightning Spire   Summ/Air       ##......     36%         4    None
 Summon Guardian Golem    Hex/Summ       ##......     12%         3    None


Dungeon Overview and Level Annotations

Branches:
Dungeon (8/15)             Temple (0/1) D:6
   Lair: D:8-11

Altars:
Vehumet

Annotations:
D:6 1 runed door, iamserjio's ghost, novice NaWn


Message History

Confirm with . or Enter, or press ? or * to list all spells.
Aiming: Flame Tongue (safe; 1% risk of failure)
Press: ? - help, Shift-Dir - straight line, f/p - howler monkey
Aim: a howler monkey (heavily wounded, catching its breath)
The flame tongue hits the howler monkey.
The howler monkey appears unharmed.
The howler monkey is heavily wounded.
The howler monkey closely misses you. The howler monkey hits you.
* * * LOW HITPOINT WARNING * * *
The howler monkey barely misses you.
Casting: Flame Tongue (safe; 1% risk of failure)
Confirm with . or Enter, or press ? or * to list all spells.
Aiming: Flame Tongue (safe; 1% risk of failure)
Press: ? - help, Shift-Dir - straight line, f/p - howler monkey
Aim: a howler monkey (heavily wounded, catching its breath)
The flame tongue misses the howler monkey.
The howler monkey barely misses you. The howler monkey hits you.
* * * LOW HITPOINT WARNING * * *
The howler monkey barely misses you. The howler monkey hits you!
You die...

#.#####. #.#...#.##
#.#.# ...# # #
#.#.###..#.# ..
#.#......#.#
###.##.#........
.......#.####.########
......)@h..>(........#
..##..h#h.#.#.######.#
#...##.#..... #.# #...
#.....### #.# #...
#.....# #.#
#...#......# #.#
#...#..#+#.# # #.#
#...#..# #.# #.#.# .#
# #..<#


You could see 3 howler monkeys.

Vanquished Creatures
  A two-headed ogre (D:7)
  Menkaure (D:4)
  Duvessa (D:7)
  An orc warrior (D:7)
  A sky beast (D:7)
  2 ice beasts
  2 phantoms
  4 ogres
  A centaur (D:8)
  6 bullfrogs
  Dowan (D:7)
  A water moccasin skeleton (D:5)
  4 scorpions
  3 wights (D:7)
  A howler monkey (D:4)
  2 crimson imps
  2 bullfrog zombies (D:5)
  5 hounds
  2 centaur skeletons
  3 jellies
  2 orc priests
  4 bullfrog skeletons
  Ijyb (D:3)
  An iguana (D:4)
  3 orc wizards
  4 worker ants
  A hound zombie (D:5)
  2 worker ant zombies (D:5)
  Robin (D:4)
  2 howler monkey zombies (D:5)
  A howler monkey skeleton (D:5)
  3 gnolls (D:7)
  15 adders
  A shadow imp (D:5)
  2 oozes
  2 adder skeletons
  An adder zombie (D:5)
  2 worms
  2 dart slugs
  6 leopard geckos
  22 orcs
  3 ball pythons
  5 giant cockroaches
  15 goblins
  8 hobgoblins
  2 jackals (D:4)
  4 quokkas
  9 bats
  6 frilled lizards
  A jackal skeleton (D:4)
  2 jackal zombies (D:5)
  5 kobolds
  A leopard gecko skeleton (D:5)
  2 quokka skeletons
  6 rats
191 creatures vanquished.

Notes
Turn   | Place    | Note
-------+----------+-------------------------------------------
     0 | D:1      | Hebeh the Deep Elf Fire Elementalist began the quest for the Orb.
     0 | D:1      | Reached XP level 1. HP: 10/10 MP: 6/6
   482 | D:1      | Reached XP level 2. HP: 15/15 MP: 6/8
  1291 | D:2      | Reached XP level 3. HP: 16/19 MP: 3/10
  2286 | D:2      | Reached XP level 4. HP: 24/24 MP: 8/11
  2443 | D:2      | Reached skill level 4 in Spellcasting
  2783 | D:3      | Learned a level 2 spell: Throw Flame
  2787 | D:3      | Learned a level 3 spell: Conjure Flame
  2791 | D:3      | Learned a level 3 spell: Inner Flame
  3337 | D:3      | Noticed Ijyb
  3409 | D:3      | Killed Ijyb
  3409 | D:3      | Reached XP level 5. HP: 28/28 MP: 3/13
  4015 | D:4      | Noticed Menkaure
  4018 | D:4      | Killed Menkaure
  4018 | D:4      | Reached XP level 6. HP: 32/32 MP: 7/15
  4046 | D:4      | Reached skill level 5 in Spellcasting
  4215 | D:4      | Noticed Robin
  4392 | D:4      | Reached skill level 5 in Conjurations
  4524 | D:4      | Reached skill level 5 in Fire Magic
  4613 | D:4      | Reached XP level 7. HP: 36/36 MP: 13/17
  4969 | D:4      | Reached skill level 6 in Spellcasting
  5587 | D:4      | Killed Robin
  5881 | D:5      | Entered Level 5 of the Dungeon
  6122 | D:5      | Found a radiant altar of Vehumet.
  6139 | D:5      | Became a worshipper of Vehumet
  6219 | D:5      | Reached skill level 7 in Spellcasting
  6223 | D:5      | Reached XP level 8. HP: 19/41 MP: 0/20
  6726 | D:5      | HP: 2/41 [poisoned by a scorpion]
  7533 | D:5      | Reached * piety under Vehumet
  7533 | D:5      | Offered knowledge of Magic Dart by Vehumet.
  7536 | D:5      | Learned a level 1 spell: Magic Dart
  7816 | D:5      | Reached skill level 8 in Spellcasting
  9423 | D:6      | Found a runed door.
  9424 | D:6      | Noticed iamserjio's ghost (novice NaWn)
  9539 | D:6      | Learned a level 5 spell: Fireball
  9634 | D:6      | Found a staircase to the Ecumenical Temple.
 10049 | D:6      | Reached skill level 9 in Spellcasting
 10049 | D:6      | Reached XP level 9. HP: 45/45 MP: 17/24
 10199 | D:7      | Noticed Dowan
 10203 | D:7      | Noticed Duvessa
 10207 | D:7      | Killed Dowan
 10215 | D:7      | Killed Duvessa
 11073 | D:7      | Reached skill level 10 in Spellcasting
 11152 | D:7      | Offered knowledge of Freeze by Vehumet.
 11157 | D:7      | Reached ** piety under Vehumet
 11834 | D:8      | Noticed a two-headed ogre
 11844 | D:7      | Killed a two-headed ogre
 12103 | D:8      | Slain by a howler monkey

Vault maps used:
D:1:      minmay_arrival_cross
D:3:      serial_glass, glass_columns_a, glass_columns_a, uniq_ijyb
D:4:      uniq_menkaure, uniq_robin
D:5:      kennysheep_mini, lightli_ossuary_entry_decrepit_ruins, first_ration,
          serial_undead, serial_undead_f, serial_undead_e, serial_undead_d,
          serial_undead_b, serial_undead_e, serial_undead_e, serial_undead_f
D:6:      minmay_temple_entry_junction, ebering_ghost_reflecting_pool
D:7:      feat_on_display, uniq_duvessa
D:8:      uniq_grum

Skill      XL: |  1  2  3  4  5  6  7  8  9 |
---------------+----------------------------+-----
Conjurations   | 2 3 4 5 6 8 9 |  9.6
Spellcasting   | 4 5 7 9 10 | 10.8
Fire Magic     | 4 5 6 7 9 |  9.4
Dodging        | |  2.4
Stealth        | |  2.4

Action                   |  1- 3 |  4- 6 |  7- 9 || total
-------------------------+-------+-------+-------++-------
Melee: Spear             |     1 |    53 |    10 ||    64
 Fire: Hunting sling     |       |    30 |       ||    30
 Cast: Flame Tongue      |    70 |    59 |   273 ||   402
       Throw Flame       |       |    22 |    46 ||    68
       Magic Dart        |       |       |    65 ||    65
       Fireball          |       |       |    10 ||    10
  Use: Scroll            |     3 |     5 |     2 ||    10
  Eat: Chunk             |     4 |     5 |    12 ||    21
       Ration            |       |     1 |     3 ||     4
Armor: Robe              |     3 |    11 |    30 ||    44
Dodge: Dodged            |    24 |    53 |    85 ||   162

Table legend:
 A = Spawn XP
 B = Non-spawn XP
 C = Spawn XP percentage of total XP
 D = Spawn monster count
 E = Non-spawn monster count
 F = Spawn count percentage of total count
 G = Total turns spent on level
                    A         B        C        D         E        F      G
               +---------+---------+-------+---------+---------+-------+---------
         Total |       0 |    5517 |   0.0 |       0 |     191 |   0.0 | 12103
               +---------+---------+-------+---------+---------+-------+---------
           D:1 |       0 |      14 |   0.0 |       0 |       9 |   0.0 |   809
           D:2 |       0 |     105 |   0.0 |       0 |      30 |   0.0 |  1950
           D:3 |       0 |     119 |   0.0 |       0 |      25 |   0.0 |  1863
           D:4 |       0 |     773 |   0.0 |       0 |      41 |   0.0 |  2308
           D:5 |       0 |    1026 |   0.0 |       0 |      42 |   0.0 |  2294
           D:6 |       0 |     826 |   0.0 |       0 |      15 |   0.0 |   975
           D:7 |       0 |    2544 |   0.0 |       0 |      28 |   0.0 |  1867
           D:8 |       0 |     110 |   0.0 |       0 |       1 |   0.0 |    37
               +---------+---------+-------+---------+---------+-------+---------
